AoeStats
← Santísima TRINIDAD

Nomad

510248098Analyzed
3v3 RM · 2d ago on Sep 30, 2026· 54m 40s· 6 players
Game mode
Random Map
Map size
210×210
Population
200
Speed
Normal
Resources
Standard
Victory
Conquest
Starting age
Dark Age
Ending age
Imperial Age
RankedLock teamsTeams togetherTeam positionsShared explorationLock speedFull tech treeHidden civsTurbo modeCheats
Victory
Defeat
🇲🇽 Saracens · Mexico
1005
+15
🇵🇪 Spanish · Peru
989
+16
🇺🇾 Italians · Uruguay
936
+18
1057
-19
🇵🇪 Byzantines · Peru
1041
-19
🇵🇪 Magyars · Peru
841
-11
El preñador de coneras
8:08 Loom
14:53 Feudal Age
15:51 Man-at-Arms
21:50 Wheelbarrow
24:09 Fletching
24:33 Horse Collar
25:10 Padded Archer Armor
31:01 Horse Collar
31:42 Double-Bit Axe
35:44 Castle Age
36:57 Hand Cart
36:29 Town Watch
39:01 Heavy Plow
55:22 Ballistics
FOX MULDER
6:53 Loom
15:41 Feudal Age
21:50 Castle Age
20:03 Double-Bit Axe
20:01 Horse Collar
26:51 Fletching
32:08 Wheelbarrow
34:59 Imperial Age
35:18 Bow Saw
35:10 Heavy Plow
35:54 Ballistics
38:03 Chemistry
40:19 Chemistry
40:40 Heavy Camel Rider
41:21 Husbandry
42:18 Elite Skirmisher
43:49 Imperial Skirmisher
45:18 Hand Cart
45:59 Light Cavalry
47:24 Bodkin Arrow
48:10 Pikeman
52:17 Padded Archer Armor
53:38 Forging
EL GATO TECHERO
16:41 Feudal Age
16:03 Loom
18:21 Double-Bit Axe
22:36 Castle Age
21:52 Horse Collar
25:09 Bloodlines
25:00 Husbandry
27:22 Bow Saw
27:46 Gold Mining
30:41 Scale Barding Armor
32:09 Demolition Ship
35:11 Husbandry
38:04 Chain Barding Armor
38:54 Heavy Plow
41:17 Gold Shaft Mining
42:00 Wheelbarrow
43:13 Hand Cart
49:16 Imperial Age
47:01 Stone Mining
47:35 Scale Mail Armor
48:04 Pikeman
49:05 Chain Mail Armor
49:30 Cavalier
OM | SOMBRASV1
4:59 Loom
14:12 Feudal Age
19:13 Castle Age
17:35 Double-Bit Axe
19:34 Wheelbarrow
21:21 Bow Saw
22:28 Medium Warships
24:01 Fletching
31:18 Imperial Age
30:05 Gold Mining
31:37 Hand Cart
33:08 Forging
33:03 Scale Barding Armor
37:12 Fishing Lines
39:20 Iron Casting
39:20 Horse Collar
40:44 Two-Man Saw
42:41 Blast Furnace
41:42 Scale Mail Armor
42:03 Chain Barding Armor
41:17 Heavy Camel Rider
43:13 Bloodlines
50:35 Light Cavalry
53:07 Conscription
53:29 Plate Barding Armor
53:02 Hussar
53:33 Elite Mameluke
54:29 Husbandry
55:12 Chain Mail Armor
fraso415
5:40 Loom
16:25 Feudal Age
20:03 Double-Bit Axe
22:28 Castle Age
21:09 Fletching
22:42 Crossbowman
43:30 Gold Mining
47:07 Bow Saw
46:52 Pikeman
49:29 Elite Skirmisher
50:11 Stone Mining
54:19 Stone Shaft Mining
54:01 Bodkin Arrow
54:07 Scale Mail Armor
54:08 Padded Archer Armor
Santísima TRINIDAD
14:15 Feudal Age
18:22 Castle Age
27:00 Double-Bit Axe
28:17 Loom
29:08 Wheelbarrow
29:28 Gold Mining
34:00 Imperial Age
33:11 Hand Cart
32:23 Pikeman
32:53 Gambesons
33:40 Bow Saw
39:15 Light Cavalry
40:06 Bloodlines
39:57 Husbandry
40:22 Hussar
41:50 Conscription
41:20 Horse Collar
45:30 Halberdier
46:46 Forging
46:41 Scale Barding Armor
46:49 Scale Barding Armor
48:19 Iron Casting
47:45 Padded Archer Armor
48:19 Heavy Plow
48:41 Chain Barding Armor
51:02 Blast Furnace
50:25 Stone Mining
Connection lost

Rejoining the realm…

Still unreachable

The connection could not be restored.

Session expired

The server has moved on; the page needs a fresh start.